 Dungeon Crawl Stone Soup version 0.21-a0-179-gd2bfb5f (webtiles) character file.

88 dunglickershitface the Magician (level 4, -9/27 HPs)
             Began as an Octopode Wizard on Aug 11, 2017.
             Mangled by Sigmund
             ... wielding a +0 scythe
              (11 damage)
             ... on level 2 of the Dungeon.
             The game lasted 00:07:10 (2378 turns).

dunglickershitface the Magician (Octopode Wizard)   Turns: 2378, Time: 00:07:11

Health: -9/27      AC:  1    Str:  6    XL:     4   Next: 54%
Magic:  5/10       EV: 13    Int: 21    God:
Gold:   66         SH:  0    Dex: 10    Spells: 7/11 levels left

rFire    . . .     SeeInvis +   e - +0 spear
rCold    . . .     Gourm    .   (no shield)
rNeg     . . .     Faith    .   a - +0 hat
rPois    .         Spirit   .   (no amulet)
rElec    .         Reflect  .   l - ring of see invisible
rCorr    .         Harm     .   (no ring)
MR       .....                  (no ring)
Stlth    +++.......             (no ring)
HPRegen  0.09/turn              (no ring)
MPRegen  0.12/turn              (no ring)
                                (no ring)
                                (no ring)

@: no status effects
A: almost no armour, stealthy swim, amphibious, 8 rings, constrict 8, camouflage
1, gelatinous body 1
a: no special abilities


You were on level 2 of the Dungeon.
You were not hungry.

You visited 1 branch of the dungeon, and saw 2 of its levels.

You collected 66 gold pieces.

Inventory:

Hand Weapons
 e - a +0 spear (weapon)
Armour
 a - a +0 hat (worn)
Jewellery
 j - an uncursed ring of fire
 l - a ring of see invisible (left tentacle)
Scrolls
 d - a scroll of recharging {unknown}
 g - 2 scrolls of identify
 i - a scroll of magic mapping {unknown}
 m - 2 scrolls of fear {unknown}
Potions
 f - a potion of heal wounds {unknown}
 h - a potion of might {unknown}
 n - a potion of curing {unknown}
Books
 b - a book of Minor Magic

   Spells                             Type                      Level
   a - Magic Dart                     Conjuration                  1
   b - Blink                          Translocation                2
   c - Call Imp                       Summoning                    2
   d - Slow                           Hexes                        2
   e - Conjure Flame                  Conjuration/Fire             3
   f - Mephitic Cloud                 Conjuration/Poison/Air       3
Comestibles
 c - a bread ration
 k - a royal jelly


   Skills:
 + Level 2.6 Dodging
 - Level 2.9 Stealth
 * Level 4.0 Spellcasting
 * Level 2.4 Conjurations
   Level 1.0 Summonings
   Level 1.0 Translocations


You had 7 spell levels left.
You knew the following spells:

 Your Spells              Type           Power        Failure   Level  Hunger
a - Magic Dart            Conj           ##..         4%          1    None
b - Conjure Flame         Conj/Fire      #.......     22%         3    ###....


Dungeon Overview and Level Annotations

Branches:
Dungeon (2/15)

Altars:
Ashenzari
Fedhas

Annotations:
D:2 Sigmund


Innate Abilities, Weirdness & Mutations

You cannot wear most types of armour.
You are very stealthy in the water. (Stealth+)
You are amphibious.
You can wear up to eight rings at the same time.
You can use your tentacles to constrict eight enemies at once.
Your skin changes colour to match your surroundings (Stealth+).
Your rubbery body absorbs attacks. (AC +1, EV +1)


Message History

Press: ? - help, Shift-Dir - straight line, f/p - Sigmund
Aim: Sigmund, wielding a scythe and wearing an embroidered robe (lightly wounded, slightly transparent)
The magic dart hits Sigmund.
Sigmund is lightly wounded.
Sigmund points at you and mumbles some strange words.
The magic dart hits you!
* * * LOW HITPOINT WARNING * * *
Sigmund closely misses you.
You hit Sigmund. You grab Sigmund.
Sigmund is moderately wounded.
You constrict Sigmund, but do no damage.
Sigmund barely misses you.
You barely miss Sigmund. You squeeze Sigmund, but do no damage.
Sigmund is moderately wounded.
You constrict Sigmund. You hit Sigmund but do no damage.
Sigmund is moderately wounded.
You constrict Sigmund, but do no damage.
Sigmund hits you with a scythe!
You die...

##......##...#....##
#.#
##......##....#.....##
#......##.....#......##
.#....##......#.......#
####....###.####[.#####
#...## #.# #.## ##.##
#.####.######.# #..#
#...).........# #.#.#
##....@@.###..# ###.#
#.#####.# .. ... #.#
#.##.# ## #.# #....#
#.# #.##.# ..# #.# ..
#.. ..# ## #. ##.. ###


You could see Sigmund (invisible).

Vanquished Creatures
  Terence (D:2)
  A gnoll (D:1)
  2 dart slugs (D:1)
  3 leopard geckos
  6 bats
  4 giant cockroaches
  6 goblins
  2 hobgoblins (D:1)
  3 jackals (D:1)
  5 kobolds (D:1)
  4 frilled lizards
  7 rats
44 creatures vanquished.

Notes
Turn   | Place    | Note
-------+----------+-------------------------------------------
     0 | D:1      | dunglickershitface the Octopode Wizard began the quest for the Orb.
     0 | D:1      | Reached XP level 1. HP: 11/11 MP: 4/4
   528 | D:1      | Reached XP level 2. HP: 17/17 MP: 1/6
  1056 | D:1      | Reached XP level 3. HP: 21/21 MP: 4/8
  1896 | D:1      | Learned a level 3 spell: Conjure Flame
  1920 | D:2      | Found a blossoming altar of Fedhas.
  2068 | D:2      | Noticed Terence
  2084 | D:2      | Killed Terence
  2084 | D:2      | Reached XP level 4. HP: 17/27 MP: 6/9
  2198 | D:2      | Reached skill level 4 in Spellcasting
  2310 | D:2      | Found a shattered altar of Ashenzari.
  2354 | D:2      | Noticed Sigmund
  2378 | D:2      | Mangled by Sigmund

Vault maps used:
D:1:      lemuel_arrival_hallway, bh_walls_and_bars
D:2:      marbit_many_paths, palyth_stone_intersect,
          nicolae_ashenzari_panopticon, uniq_sigmund, uniq_terence

Skill      XL: |  1  2  3  4 |
---------------+-------------+-----
Conjurations   | 2 |  2.4
Spellcasting   | 4 |  4.0
Dodging        | |  2.6
Stealth        | |  2.9
Summonings     | |  1.0
Translocations | |  1.0

Action                   |  1- 3 |  4- 6 || total
-------------------------+-------+-------++-------
Melee: Unarmed           |     8 |       ||     8
       Constrict         |     8 |     1 ||     9
       Spear             |    17 |     5 ||    22
       Tentacles         |     6 |     1 ||     7
 Cast: Magic Dart        |    76 |    20 ||    96
  Use: Scroll            |       |     2 ||     2
  Eat: Bread ration      |     1 |       ||     1
Armor: Skin              |     4 |       ||     4
Dodge: Dodged            |    31 |     6 ||    37
